 Dungeon Crawl Stone Soup version 0.25-a0-614-g73ad250637 (webtiles) character file.

Game seed: 3437315283494324870, levelgen mode: deterministic

329363 Esekla the Spry (level 21, -6/90 HPs)
             Began as a Spriggan Artificer on Mar 16, 2020.
             Was the Champion of Lugonu.
             Mangled by a snapping turtle (14 damage)
             ... on level 4 of the Shoals on Mar 18, 2020.
             The game lasted 14:08:05 (70331 turns).

Esekla the Spry (Spriggan Artificer)               Turns: 70331, Time: 14:08:06

Health: -6/90      AC: 18    Str:  8    XL:     21   Next: 15%
Magic:  26/41      EV: 28    Int: 22    God:    Lugonu [******]
Gold:   33         SH: 10    Dex: 12    Spells: 11/50 levels left

rFire    + + .     SeeInvis +   h - +8 demon blade (vamp)
rCold    x . .     Gourm    .   l - +3 buckler {AC+3}
rNeg     + . .     Faith    .   t - +4 troll leather armour {Snorg}
rPois    +         Spirit   .   b - +2 hat {MR+}
rElec    +         Reflect  .   Y - scarf {repulsion}
rCorr    .         Harm     .   (gloves unavailable)
MR       ++++.     Clarity  +   (boots unavailable)
Stlth    +++.......             r - amulet of the Spinneret {RegenMP rElec rPois rN+}
HPRegen  0.65/turn              D - ring of wizardry
MPRegen  0.52/turn              j - ring "Foudyive" {Fire Dex-5 Slay+5}

@: radiating poison, hasted, invisible, repel missiles, very quick
A: very small, unfitting armour, beak, horns 1, icy blue scales 1, molten scales
1, see invisible, clarity, fire resistance 1, herbivore, speed 3, slow
metabolism 2
}: 1/15 runes: gossamer
a: Depart the Abyss, Bend Space, Banish, Corrupt, Enter the Abyss, Renounce
Religion


You were on level 4 of the Shoals.
You worshipped Lugonu.
Lugonu was exalted by your worship.
You were hungry.

You visited 9 branches of the dungeon, and saw 40 of its levels.
You visited the Abyss 5 times.
You also visited: Gauntlet and Volcano.

You collected 4676 gold pieces.
You spent 4643 gold pieces at shops.

Inventory:

Hand Weapons
 d - a +8 quick blade of distortion
 e - a +2 scimitar of flaming
 h - a +8 vampiric demon blade (weapon)
 v - a +7 short sword of venom
 z - a +5 long sword of holy wrath
 X - the +3 spear of Nuogug {pain, Str-2 Int+9}
   (You found it on level 8 of the Dungeon)

   In the hands of one skilled in necromantic magic, it inflicts extra damage on
   living creatures.
   It affects your strength (-2).
   It affects your intelligence (+9).
 Z - the +5 scimitar "Beetleslayer" {freeze, rElec Dex+2}
   (You found it on level 1 of the Depths)

   It has been specially enchanted to freeze those struck by it, causing extra
   injury to most foes and up to half again as much damage against particularly
   susceptible opponents.
   It can also slow down cold-blooded creatures.
   It affects your dexterity (+2).
   It insulates you from electricity.
Missiles
 C - 6 silver boomerangs
 O - 110 poisoned darts (quivered)
Armour
 b - a +2 hat of magic resistance (worn)
 l - a +3 buckler of protection (worn)
 t - a +4 troll leather armour (worn) {Snorg}
 F - a scarf of cloud immunity
 G - a +2 robe of fire resistance
 H - a scarf of resistance
 J - a +2 robe of magic resistance
 Q - a +2 cloak
 Y - a scarf of repulsion (worn)
Jewellery
 j - the ring "Foudyive" (right hand) {Fire Dex-5 Slay+5}
   (You found it on level 6 of the Lair of Beasts)

   [ring of fire]

   It enhances your fire magic.
   It affects your dexterity (-5).
   It affects your accuracy and damage with ranged weapons and melee attacks
   (+5).
   It protects you from fire.
   It makes you vulnerable to cold.
 n - an uncursed ring of protection from cold
 p - an uncursed ring of positive energy
 r - the amulet of the Spinneret (around neck) {RegenMP rElec rPois rN+}
   (You bought it in a shop on level 1 of the Depths)

   [amulet of magic regeneration]

   It increases your magic regeneration.
   It insulates you from electricity.
   It protects you from poison.
   It protects you from negative energy.
 D - a ring of wizardry (left hand)
 L - an uncursed ring of protection from magic
 P - an uncursed ring of protection from cold
 W - the ring "Ecuomm" {rPois Str+6 Int-5 Slay+3}
   (You found it in a Gauntlet)

   [ring of slaying]

   It affects your strength (+6).
   It affects your intelligence (-5).
   It affects your accuracy and damage with ranged weapons and melee attacks
   (+3).
   It protects you from poison.
Wands
 o - a wand of acid (29)
 x - a wand of digging (8)
 E - a wand of flame (172)
 M - a wand of disintegration (44)
 U - a wand of clouds (15)
Scrolls
 c - 6 scrolls of magic mapping
 g - 7 scrolls of teleportation
 i - 16 scrolls of remove curse
 y - 9 scrolls of blinking
 A - a scroll of fog
 B - 15 scrolls of identify
 K - 4 scrolls of fear
 S - 4 scrolls of silence
Potions
 m - a potion of degeneration
 s - 11 potions of flight
 u - 5 potions of lignification
 w - 3 potions of resistance
 I - 3 potions of brilliance
 N - 3 potions of cancellation
 T - 6 potions of might
 V - 11 potions of curing
Miscellaneous
 k - a lightning rod (4/4)
Comestibles
 f - 36 rations


   Skills:
 - Level 2.2 Fighting
 + Level 12.8(16.4) Short Blades
 * Level 13.7(14.8) Long Blades
 - Level 8.3 Throwing
 + Level 6.4 Armour
 + Level 17.6 Dodging
 - Level 8.0 Stealth
 + Level 7.4 Shields
 * Level 15.3 Spellcasting
 * Level 8.4 Conjurations
 + Level 6.3 Hexes
 + Level 5.6 Necromancy
 + Level 2.4 Translocations
 + Level 8.0 Fire Magic
 * Level 9.1 Ice Magic
 + Level 9.3 Air Magic
 + Level 7.4 Poison Magic
 + Level 5.0 Invocations
 + Level 9.6 Evocations


You had 11 spell levels left.
You knew the following spells:

 Your Spells              Type           Power        Failure   Level  Hunger
a - Apportation           Tloc           ####..       1%          1    None
b - Fireball              Conj/Fire      ######....   1%          5    ###....
c - Mephitic Cloud        Conj/Pois/Air  ######..     1%          3    None
d - Vampiric Draining     Necr           #####.....   1%          3    None
e - Tukima's Dance        Hex            #####...     1%          3    None
f - Conjure Flame         Conj/Fire      ######..     1%          3    None
l - Lightning Bolt        Conj/Air       ######....   1%          5    ###....
v - Poisonous Vapours     Pois/Air       ######       1%          2    None
x - Olgreb's Toxic Radia  Pois           #####...     1%          4    None
y - Sticky Flame          Conj/Fire      ######..     1%          4    None
z - Freezing Cloud        Conj/Ice/Air   ######....   8%          6    #####..

Your spell library contained the following spells:

 Spells                   Type           Power        Failure   Level  Hunger
 Animate Skeleton         Necr           N/A          1%          1    None
 Corona                   Hex            #####..      1%          1    None
 Infusion                 Chrm           ###.         1%          1    None
 Magic Dart               Conj           ####         1%          1    None
 Pain                     Necr           ####         1%          1    None
 Shock                    Conj/Air       ####         1%          1    None
 Sting                    Tmut/Pois      ####         1%          1    None
 Summon Small Mammal      Summ           ###.         1%          1    None
 Blink                    Tloc           N/A          1%          2    None
 Corpse Rot               Necr/Air       N/A          1%          2    None
 Ensorcelled Hibernation  Hex/Ice        ######       1%          2    None
 Shroud of Golubria       Chrm/Tloc      ###...       1%          2    None
 Slow                     Hex            #####...     1%          2    None
 Confusing Touch          Hex            #####...     1%          3    None
 Dazzling Flash           Conj/Hex       #####.       1%          3    None
 Ignite Poison            Fire/Tmut/Pois ######..     1%          3    None
 Inner Flame              Hex/Fire       ######..     1%          3    None
 Portal Projectile        Hex/Tloc       #####.       1%          3    None
 Static Discharge         Conj/Air       ######..     1%          3    None
 Stone Arrow              Conj/Erth      #####.       1%          3    None
 Animate Dead             Necr           N/A          1%          4    None
 Cause Fear               Hex            #####.....   1%          4    None
 Call Imp                 Summ           ###.....     3%          2    None
 Leda's Liquefaction      Hex/Erth       ####......   5%          4    None
 Agony                    Necr           #####...     5%          5    ###....
 Bolt of Magma            Conj/Fire/Erth ######....   6%          5    ###....
 Starburst                Conj/Fire      ######....   10%         6    #####..
 Summon Forest            Summ/Tloc      ###.......   32%         5    ###....
 Iron Shot                Conj/Erth      #####.....   45%         6    #####..
 Eringya's Noxious Bog    Tmut/Pois      ####......   52%         6    #####..
 Spellforged Servitor     Conj/Summ      #####.....   94%         7    ######.
 Hydra Form               Tmut           ###.......   95%         6    #####..
 Statue Form              Tmut/Erth      ###......    95%         6    #####..
 Ring of Flames           Chrm/Fire      ######....   95%         7    ######.
 Ignition                 Fire           ######....   98%         8    #######
 Summon Hydra             Summ           ###.......   100%        7    ######.
 Dragon's Call            Summ           ###.......   100%        9    #######
 Shatter                  Erth           ###.......   100%        9    #######


Dungeon Overview and Level Annotations

Branches:
Dungeon (15/15)            Temple (0/1) D:7            Lair (6/6) D:8
 Shoals (4/4) Lair:3       Spider (4/4) Lair:2        Slime (0/5) Lair:6
    Orc (2/2) D:11            Elf (3/3) Orc:2        Vaults (3/5) D:13
  Crypt (2/3) Vaults:3     Depths (1/5) D:15        Volcano (visited)
Gauntlet (visited)

Altars:
Ashenzari
Cheibriados
Dithmenos
Elyvilon
Fedhas
Gozag
Makhleb
Okawaru
Qazlal
Ru
Sif Muna
Uskayaw
Vehumet
Yredelemnul
Zin
The Shining One
Beogh

Shops:
D:10 =:[?   Orc:2 }(:%   Elf:1 (   Elf:2 *   Shoals:1 (   Shoals:3 [
Vaults:1 [   Depths:1 *}}=

Portals:
Hell: Lair:6 Depths:1
Pandemonium: Depths:1

Annotations:
Elf:3 Bai Suzhen
Vaults:2 Mennas


Innate Abilities, Weirdness & Mutations

You are very small and have problems with some larger weapons.
You are too small for most types of armour.
You have supernaturally acute eyesight. (SInv)
You are a herbivore.
You cover ground extremely quickly.
You need to consume almost no food.
You have a beak for a mouth.
You have a pair of small horns on your head.
You are partially covered in icy blue scales. (AC +2)
You are partially covered in molten scales. (AC +2)
You possess an exceptional clarity of mind.
Your flesh is heat resistant. (rF+)


Message History

The satyr is poisoned.
The merfolk impaler is poisoned.
The merfolk is poisoned. x2; The snapping turtle is poisoned.
The faun is poisoned. x2
You kill the merfolk impaler!
Lugonu accepts your kill.
The satyr looks even sicker.
The faun looks even sicker.
The satyr unwields a +0 quarterstaff.
The satyr wields a +0 longbow.
The satyr shoots an arrow.
The arrow hits you!!
* * * LOW HITPOINT WARNING * * *
The merfolk is engulfed in noxious fumes.
The faun is engulfed in noxious fumes.
You fade into invisibility!
The merfolk looks even sicker.
The snapping turtle looks even sicker.
The faun looks even sicker.
The faun shoots a stone.
The stone completely misses you.
The merfolk impaler is engulfed in noxious fumes.
The merfolk impaler appears confused.
The merfolk is engulfed in noxious fumes.
The snapping turtle bites you from afar!
You die...

.........m.≈≈P#PP≈P≈P≈≈≈≈≈≈≈...P.
...c..m.......≈≈≈≈PP##≈≈≈≈≈≈≈≈...
.....≈≈t≈........P≈≈≈≈≈≈≈≈≈≈≈≈≈P.
≈..≈≈≈c≈≈≈........≈≈≈≈≈≈≈≈≈≈≈≈≈P#
P≈#(≈≈≈≈≈.........≈≈≈≈≈≈≈≈≈≈≈≈≈≈≈
P #≈≈≈≈≈...c......≈≈≈≈≈≈≈≈≈≈≈≈≈≈≈
#...............≈≈≈≈≈≈≈≈≈≈≈≈≈≈≈
P............(...≈≈≈≈≈≈≈≈≈≈≈≈≈≈
.......@.t≈≈≈≈≈≈≈≈≈≈≈≈≈≈
........(.(≈≈≈≈≈≈≈≈≈≈≈≈≈
.......m.m≈≈≈≈≈≈≈≈≈≈≈≈≈)
........).m≈°≈≈≈≈≈≈≈...≈
..........°○c≈≈≈≈≈.....[
..........○)c(..P.......
..........c)......P.P...
.....≈≈≈#P.P......P.....
≈≈≈≈≈≈≈#.##.P.).P..P...


You could see a merfolk impaler (confused), a satyr, a snapping turtle, 2
merfolk and 3 fauns.

Vanquished Creatures
  Nikola (Shoals:4)
  A deep elf master archer (Elf:3)
  2 deep elf blademasters
  Polyphemus (Shoals:2)
  A tentacled starspawn (Abyss:1)
  Gastronok (D:8)
  Frances (D:12)
  2 revenants
  A tengu reaver (Vaults:1)
  2 emperor scorpions (Spider:4)
  4 ghost moths
  A frost giant (Depths:1)
  A cacodemon (Abyss:1)
  A deep elf elementalist (Elf:3)
  5 vault wardens
  2 orc warlords (Orc:1)
  2 ghouls (Crypt:1)
  A reaper (Crypt:2)
  6 stone giants
  The ghost of njkz1 the Brawler, a journeyman DrFi of Sif Muna (Lair:5)
  4 ironheart preservers
  2 vampire knights
  4 entropy weavers
  7 very ugly things
  2 deep elf annihilators (Elf:1)
  A lorocyproca (Depths:1)
  A red draconian (Abyss:1)
  An eidolon (Crypt:1)
  A dire elephant (D:15)
  A minotaur (Gauntlet)
  2 spark wasps
  2 deep elf death magi
  Snorg (D:10)
  An ettin (Depths:1)
  4 merfolk impalers
  A fire dragon (Depths:1)
  4 merfolk javelineers
  7 ogre magi
  A yaktaur captain (Vaults:3)
  5 rakshasas
  4 vault guards (D:13)
  Fannar (D:11)
  2 great orbs of eyes (Depths:1)
  A hell beast (Gauntlet)
  Erolcha (D:11)
  11 hydras
  5 ice dragons
  A catoblepas (Shoals:2)
  4 merfolk avatars
  2 merfolk aquamancers
  3 death knights
  23 dancing weapons
  6 centaur warriors
  3 orc high priests
  29 two-headed ogres
  3 death yaks (Shoals:2)
  5 satyrs
  5 thrashing horrors (Abyss:1)
  2 deep troll shamans
  Urug (Lair:1)
  2 deep troll earth magi (Vaults:2)
  2 vampire magi
  15 deep elf knights
  3 tengu warriors
  A soul eater (Depths:1)
  Nergalle (D:11)
  3 shadow wraiths
  7 hell knights
  A fire crab (shapeshifter) (Vaults:3)
  3 sixfirhies
  12 skeletal warriors
  A spatial maelstrom (Abyss:1)
  A gelid demonspawn (Depths:1)
  5 wizards
  8 sea snakes
  A glowing orange brain (Depths:1)
  7 unseen horrors
  A starcursed mass (Abyss:1)
  8 deep trolls
  7 deep elf archers
  4 phantasmal warriors
  A tengu zombie (Depths:1)
  9 ironbrand convokers
  2 wolf spider zombies
  2 necromancers (Depths:1)
  7 orc knights
  19 harpies
  35 wolf spiders
  A harpy (shapeshifter) (Abyss:1)
  18 orb spiders
  A moth of wrath (Spider:4)
  47 deep elf magi
  A fire giant zombie (Depths:1)
  7 orc sorcerers
  23 ugly things
  4 oklob plants (Lair:6)
  22 fauns
  14 manticores
  A salamander (D:15)
  7 cyclopes
  A worldbinder (Abyss:1)
  Maurice (D:8)
  7 merfolk sirens
  3 black mambas
  An elephant (shapeshifter) (Vaults:1)
  An ice statue (Lair:6)
  A smoke demon (Abyss:1)
  A guardian serpent (Abyss:1)
  9 elephants
  A spriggan zombie (Depths:1)
  10 spiny frogs
  9 vault sentinels
  7 water nymphs
  Maggie (D:8)
  3 torpor snails
  2 orange demons (Lair:6)
  A komodo dragon (D:11)
  An alligator snapping turtle zombie (Crypt:1)
  6 centaur skeletons
  5 rime drakes
  2 gargoyles
  21 yaktaurs
  A red draconian zombie (Crypt:1)
  An efreet (Abyss:1)
  6 freezing wraiths
  A hellwing (Abyss:1)
  17 demonic crawlers
  4 ancient zymes (Abyss:1)
  A tengu conjurer (Gauntlet)
  A queen bee (D:15)
  An ice devil (Lair:6)
  A polar bear (shapeshifter) (Vaults:2)
  An iron troll skeleton (Crypt:2)
  27 merfolk
  A silent spectre (Abyss:1)
  3 meliai (D:15)
  3 red devils
  10 trolls
  9 snapping turtles
  3 wind drakes
  15 hornets
  15 blink frogs
  A harpy skeleton (Abyss:1)
  39 jumping spiders
  9 polar bears
  4 slime creatures (D:14)
  A bog body (Crypt:1)
  A stone giant simulacrum (Abyss:1)
  10 hippogriffs
  A meliai zombie (D:15)
  A raiju (shapeshifter) (Depths:1)
  3 raiju (Abyss:1)
  10 dream sheep
  84 redbacks
  3 air elementals
  7 flying skulls
  5 shadows
  4 ynoxinuls (Abyss:1)
  A tarantella (shapeshifter) (Depths:1)
  2 vampires
  46 yaks
  9 large abominations (Abyss:1)
  6 water elementals
  35 tarantellas
  2 fire elementals (Elf:1)
  A basilisk (Lair:6)
  2 wyverns
  A fire bat (shapeshifter) (Vaults:3)
  3 neqoxecs (Abyss:1)
  8 wraiths
  A human (shapeshifter) (Depths:1)
  A hungry ghost (D:11)
  A death yak simulacrum (Lair:6)
  A fire bat (Abyss:1)
  5 chaos spawn
  3 swamp worms (Gauntlet)
  An insubstantial wisp (Abyss:1)
  7 wargs
  5 soldier ants
  13 water moccasins
  2 porcupines
  5 acid dragons
  2 hydra simulacra (Lair:6)
  5 hell hounds
  A hornet zombie (D:8)
  An infernal demonspawn skeleton (Crypt:1)
  45 orc warriors
  An ettin simulacrum (Vaults:2)
  6 ice beasts (Lair:6)
  A phantom (D:8)
  5 sky beasts
  A snapping turtle zombie (Crypt:1)
  2 black bears
  A black mamba simulacrum (Lair:6)
  17 ogres
  A swamp drake (Orc:1)
  An elephant zombie (Crypt:1)
  5 necrophages
  14 boggarts
  19 centaurs
  7 crocodiles
  17 bullfrogs
  An elf zombie (D:7)
  A rime drake skeleton (Crypt:1)
  3 big kobolds
  4 earth elementals
  A gnoll sergeant (D:12)
  A spiny frog simulacrum (Lair:6)
  13 small abominations
  5 scorpions
  3 jellies
  29 killer bees
  A raiju zombie (Crypt:2)
  10 wights
  3 howler monkeys
  2 electric eels
  5 bullfrog zombies
  7 crimson imps
  An iron imp (Orc:1)
  A komodo dragon simulacrum (Lair:6)
  2 human zombies (D:7)
  5 quasits
  32 orc priests
  3 bullfrog skeletons
  9 hounds
  A human skeleton (D:7)
  3 iguanas
  Ijyb (D:5)
  9 worker ants
  39 orc wizards
  A hound zombie (D:5)
  2 hound skeletons
  2 mummies (D:7)
  4 gnolls (D:12)
  8 adders
  2 shadow imps
  3 white imps
  3 ufetubi (Abyss:1)
  An adder skeleton (D:9)
  A lava snake skeleton (Crypt:2)
  5 worms
  A dart slug (D:2)
  5 leopard geckos
  110 orcs
  2 ball pythons (D:2)
  2 giant cockroaches
  14 goblins
  7 hobgoblins
  3 jackals (D:8)
  27 kobolds
  7 quokkas
  A ball python skeleton (Crypt:1)
  6 bats
  3 frilled lizards
  2 jackal zombies
  2 leopard gecko skeletons (D:5)
  A quokka zombie (D:8)
  7 rats
  A fungus (Lair:6)
  A lurking horror (Abyss:1)
  6 plants
1661 creatures vanquished.

Vanquished Creatures (others)
  A ghost moth (Spider:2)
  A vampire knight (Vaults:2)
  A deep elf knight (Elf:2)
  2 deep elf magi (Elf:1)
  A hellwing (Lair:6)
  3 jumping spiders
  A red devil (Lair:6)
  A water elemental (Elf:1)
  A tarantella (Spider:4)
  A water moccasin (Lair:1)
  5 killer bees
  A centaur zombie (D:7)
  3 orc priests
  2 orc wizards
  2 leopard geckos
  An orc (Orc:2)
  A ball python (D:2)
  A bat (D:2)
  A hobgoblin (D:3)
  A quokka (D:2)
  5 fungi (Lair:6)
  33 plants
  6 starspawn tentacles
75 creatures vanquished.

Grand Total: 1736 creatures vanquished

Notes
Turn   | Place    | Note
-------+----------+-------------------------------------------
     0 | D:1      | Esekla the Spriggan Artificer began the quest for the Orb.
     0 | D:1      | Reached XP level 1. HP: 9/9 MP: 4/4
   355 | D:1      | Reached XP level 2. HP: 14/14 MP: 6/6
   737 | D:2      | Noticed an ogre
   763 | D:2      | Reached skill level 1 in Spellcasting
   810 | D:2      | Reached XP level 3. HP: 12/17 MP: 7/7
  1335 | D:2      | Killed an ogre
  1335 | D:2      | Reached skill level 1 in Throwing
  1335 | D:2      | Reached skill level 4 in Dodging
  1335 | D:2      | Reached XP level 4. HP: 21/21 MP: 8/8
  1335 | D:2      | Reached XP level 5. HP: 25/25 MP: 9/9
  1607 | D:3      | Found a sacrificial altar of Ru.
  2247 | D:3      | Noticed an ogre
  2263 | D:3      | Killed an ogre
  2448 | D:3      | Reached XP level 6. HP: 16/29 MP: 9/11
  3056 | D:4      | Reached skill level 5 in Stealth
  3386 | D:4      | Found a hide-covered altar of Uskayaw.
  3391 | D:4      | Reached skill level 5 in Dodging
  3553 | D:4      | Reached XP level 7. HP: 32/32 MP: 11/13
  3598 | D:5      | Entered Level 5 of the Dungeon
  3600 | D:5      | Noticed Ijyb
  3603 | D:5      | Killed Ijyb
  4196 | D:5      | Reached skill level 5 in Short Blades
  4525 | D:5      | Reached XP level 8. HP: 37/37 MP: 15/15
  4705 | D:6      | Reached skill level 6 in Dodging
  4890 | D:6      | Found a glowing silver altar of Zin.
  5115 | D:6      | Reached skill level 1 in Fighting
  5510 | D:6      | Found a glowing golden altar of the Shining One.
  5837 | D:7      | Reached skill level 5 in Throwing
  5837 | D:7      | Reached skill level 5 in Spellcasting
  6104 | D:7      | Found a staircase to the Ecumenical Temple.
  6151 | D:7      | Reached skill level 7 in Dodging
  6256 | D:7      | Reached XP level 9. HP: 27/41 MP: 18/18
  6627 | D:7      | Found a radiant altar of Vehumet.
  6918 | D:7      | Found a stormy altar of Qazlal.
  7180 | D:7      | Found a basalt altar of Yredelemnul.
  7182 | D:7      | Reached skill level 8 in Dodging
  7240 | D:7      | Found a shadowy altar of Dithmenos.
  7550 | D:8      | Found a blossoming altar of Fedhas.
  7565 | D:8      | Noticed Gastronok
  7621 | D:8      | Noticed Maggie
  7644 | D:8      | Got an ebony spear
  7715 | D:8      | Found an opulent altar of Gozag.
  7744 | D:8      | Noticed Maurice
  7794 | D:8      | Killed Maurice
  7794 | D:8      | Reached XP level 10. HP: 42/46 MP: 17/21
  7829 | D:8      | Reached skill level 9 in Dodging
  7868 | D:8      | Found a staircase to the Lair.
  8443 | D:8      | Identified the +3 spear of Nuogug {pain, Str-2 Int+9} (You
                  | found it on level 8 of the Dungeon)
  8443 | D:8      | Cast into level 2 of the Abyss (a distortion unwield)
  8482 | Abyss:2  | Noticed a smoke demon
  8537 | Abyss:3  | Noticed a +2 long sword of holy wrath
  8537 | Abyss:3  | Noticed an angel
  8544 | Abyss:3  | Noticed a +2 long sword of holy wrath
  8553 | Abyss:3  | Killed a +2 long sword of holy wrath
  8609 | Abyss:3  | Noticed a smoke demon
  8653 | Abyss:3  | Noticed a smoke demon
  8703 | Abyss:4  | Noticed a tentacled starspawn
  8736 | Abyss:4  | Noticed a smoke demon
  8738 | Abyss:4  | Found a corrupted altar of Lugonu.
  8745 | Abyss:4  | Became a worshipper of Lugonu the Unformed
  8745 | Abyss:4  | Reached * piety under Lugonu
  8796 | Abyss:4  | Noticed a starcursed mass
  8813 | Abyss:4  | Noticed a sixfirhy
  8814 | D:8      | Escaped the Abyss
  8898 | D:8      | Reached skill level 10 in Dodging
  9047 | D:8      | Killed Maggie
  9238 | D:9      | Reached skill level 1 in Long Blades
  9353 | D:9      | Found a shimmering blue altar of Sif Muna.
  9366 | D:9      | Noticed a two-headed ogre
  9413 | D:9      | Killed a two-headed ogre
  9413 | D:9      | Reached skill level 11 in Dodging
  9413 | D:9      | Reached skill level 1 in Invocations
  9925 | D:9      | Found a snail-covered altar of Cheibriados.
 10008 | D:9      | Found a shattered altar of Ashenzari.
 10014 | D:9      | Noticed a two-headed ogre
 10050 | D:9      | Killed a two-headed ogre
 10050 | D:9      | Reached XP level 11. HP: 38/50 MP: 18/23
 10672 | D:8      | Killed Gastronok
 10672 | D:8      | Reached skill level 12 in Dodging
 10994 | Lair:1   | Entered Level 1 of the Lair of Beasts
 11477 | D:9      | Found an iron altar of Okawaru.
 11752 | D:10     | Entered Level 10 of the Dungeon
 11805 | D:10     | Found Zaleymm's Book Shoppe.
 12000 | D:10     | Found a glowing golden altar of the Shining One.
 12134 | D:10     | Reached ** piety under Lugonu
 12143 | D:10     | Reached skill level 5 in Evocations
 12398 | D:10     | Reached skill level 10 in Short Blades
 12428 | D:10     | Found Soisoes's Antique Armour Shop.
 12497 | D:10     | Found Davego's Jewellery Emporium.
 12509 | D:10     | Reached skill level 13 in Dodging
 12622 | D:10     | Found Qupnec's Magic Scroll Shoppe.
 12698 | D:10     | Noticed a white ugly thing
 12710 | D:10     | Killed a white ugly thing
 12941 | D:11     | Noticed an unseen horror
 12970 | D:10     | Killed an unseen horror
 13116 | D:11     | Noticed Nergalle
 13203 | D:11     | Noticed Erolcha
 13221 | D:11     | Killed Erolcha
 13261 | D:11     | Noticed Fannar
 13308 | D:11     | Killed Fannar
 13471 | D:11     | Noticed a purple ugly thing
 13555 | D:10     | Reached XP level 12. HP: 54/54 MP: 24/24
 13576 | D:10     | Bought a book of Clouds for 675 gold pieces
 13589 | D:10     | Learned a level 2 spell: Poisonous Vapours
 13593 | D:10     | Learned a level 3 spell: Conjure Flame
 13597 | D:10     | Learned a level 3 spell: Mephitic Cloud
 13650 | D:11     | Reached *** piety under Lugonu
 13661 | D:10     | Reached skill level 14 in Dodging
 14135 | D:11     | Noticed Snorg
 14200 | D:10     | Killed Snorg
 14200 | D:10     | Reached skill level 1 in Poison Magic
 14526 | D:11     | Killed Nergalle
 14571 | D:11     | Found a staircase to the Orcish Mines.
 14613 | D:11     | Found a roughly hewn altar of Beogh.
 14626 | D:11     | Reached skill level 1 in Air Magic
 14811 | D:12     | Noticed a two-headed ogre
 14816 | D:12     | Killed a two-headed ogre
 14816 | D:12     | Reached skill level 1 in Conjurations
 14816 | D:12     | Reached skill level 1 in Fire Magic
 14892 | Orc:1    | Entered Level 1 of the Orcish Mines
 15299 | D:11     | Reached skill level 1 in Armour
 15367 | D:11     | Reached **** piety under Lugonu
 15534 | Orc:1    | Noticed an orc high priest
 15577 | Orc:1    | Noticed an orc high priest
 15591 | Orc:1    | Killed an orc high priest
 15599 | Orc:1    | Killed an orc high priest
 15649 | Orc:1    | Noticed an orc warlord
 15741 | Orc:1    | Killed an orc warlord
 16217 | Orc:1    | Reached ***** piety under Lugonu
 16541 | Orc:2    | Entered Level 2 of the Orcish Mines
 16602 | Orc:2    | Noticed an orc warlord
 16813 | Orc:1    | Killed an orc warlord
 16813 | Orc:1    | Reached XP level 13. HP: 46/58 MP: 6/26
 16927 | Orc:1    | Learned a level 5 spell: Fireball
 17103 | Orc:2    | Found a staircase to the Elven Halls.
 19078 | Orc:2    | Found Xixt's Antique Weapon Shop.
 19078 | Orc:2    | Found Fuecoahe's Food Boutique.
 19081 | Orc:2    | Found Jior's Book Boutique.
 19083 | Orc:2    | Found Guimuzuv's Gadget Shop.
 19542 | Orc:1    | Learned a level 6 spell: Freezing Cloud
 19605 | D:10     | Bought the amulet of Tystrio {+Inv rPois Regen+ Int-3
                  | Dex+8} for 880 gold pieces
 19877 | Orc:2    | Bought a runed long sword for 201 gold pieces
 20041 | Lair:1   | Noticed Urug
 20075 | Lair:1   | Killed Urug
 20354 | Lair:1   | Found a white marble altar of Elyvilon.
 20363 | Lair:1   | Reached skill level 1 in Ice Magic
 20618 | Lair:2   | Found a gate leading to a gauntlet.
 20627 | Gauntlet | Entered a Gauntlet
 20627 | Gauntlet | Found a transporter.
 20634 | Gauntlet | Found a transporter.
 20636 | Gauntlet | Found a transporter.
 20650 | Gauntlet | Found a transporter.
 20665 | Gauntlet | Found a transporter.
 20667 | Gauntlet | Found a transporter.
 20677 | Gauntlet | Found a transporter.
 20690 | Gauntlet | Found a transporter.
 20698 | Gauntlet | Found a transporter.
 20705 | Gauntlet | Noticed a blizzard demon
 20707 | Gauntlet | Found a runed translucent door.
 20708 | Gauntlet | Found a transporter.
 20709 | Gauntlet | Found a runed translucent door.
 20717 | Gauntlet | Found a runed translucent gate.
 20718 | Gauntlet | Found a transporter.
 20718 | Gauntlet | Found a runed translucent gate.
 20719 | Gauntlet | Found a runed translucent gate.
 20723 | Gauntlet | Found a transporter.
 20723 | Gauntlet | Found a transporter.
 20725 | Gauntlet | Found a transporter.
 21152 | Gauntlet | Got a smoking pewter ring
 21154 | Gauntlet | Identified the ring "Ecuomm" {rPois Str+6 Int-5 Slay+3}
                  | (You found it in a Gauntlet)
 21254 | Gauntlet | Noticed a minotaur
 21274 | Gauntlet | Killed a minotaur
 21283 | Gauntlet | Identified Poinweasko's Disquisition on Assistive Attacks
 22851 | Lair:2   | Found a hole to the Spider Nest.
 23610 | Lair:3   | Learned a level 3 spell: Vampiric Draining
 23635 | Lair:3   | Found a staircase to the Shoals.
 23648 | Lair:3   | Reached ****** piety under Lugonu
 23680 | Lair:3   | Identified a +8 quick blade of distortion (a +6 quick blade
                  | corrupted by Lugonu)
 23680 | Lair:3   | Received a gift from Lugonu
 24071 | Lair:4   | Learned a level 4 spell: Olgreb's Toxic Radiance
 24208 | Lair:4   | Reached skill level 15 in Dodging
 24208 | Lair:4   | Reached XP level 14. HP: 56/63 MP: 22/28
 24488 | Lair:4   | Reached skill level 5 in Poison Magic
 24492 | Lair:4   | Reached skill level 5 in Long Blades
 25500 | Lair:5   | Found a dark tunnel.
 25507 | Volcano  | Entered a volcano
 25646 | Volcano  | Reached skill level 1 in Necromancy
 25797 | Volcano  | Learned a level 4 spell: Sticky Flame
 26492 | Lair:5   | Gained mutation: You are robust. (+10% HP) [potion of
                  | mutation]
 26492 | Lair:5   | Gained mutation: You have sharp fingernails. [potion of
                  | mutation]
 26493 | Lair:5   | Lost mutation: You are robust. (+10% HP) [potion of
                  | mutation]
 26493 | Lair:5   | Gained mutation: Your system is resistant to poisons.
                  | (rPois) [potion of mutation]
 26493 | Lair:5   | Gained mutation: Your spells are a little harder to cast,
                  | but a little more powerful. [potion of mutation]
 26493 | Lair:5   | Gained mutation: You tend to lose your temper in combat.
                  | [potion of mutation]
 26493 | Lair:5   | Gained mutation: You are partially covered in molten
                  | scales. (AC +2) [potion of mutation]
 26494 | Lair:5   | Lost mutation: You tend to lose your temper in combat.
                  | [potion of mutation]
 26494 | Lair:5   | Lost mutation: You have sharp fingernails. [potion of
                  | mutation]
 26494 | Lair:5   | Gained mutation: Your spells are harder to cast, but more
                  | powerful. [potion of mutation]
 26494 | Lair:5   | Gained mutation: You are weak. (Str -2) [potion of
                  | mutation]
 26494 | Lair:5   | Gained mutation: You tend to lose your temper in combat.
                  | [potion of mutation]
 26494 | Lair:5   | Gained mutation: You have a beak for a mouth. [potion of
                  | mutation]
 26763 | Lair:6   | Entered Level 6 of the Lair of Beasts
 27049 | Lair:6   | Reached skill level 10 in Spellcasting
 27132 | Lair:6   | Found a runed translucent gate.
 27382 | Lair:6   | Reached skill level 5 in Air Magic
 27884 | Lair:6   | Found a burning altar of Makhleb.
 28073 | Lair:6   | Found a gateway to Hell.
 28763 | Lair:6   | Got a dull robe
 28774 | Lair:6   | Identified the +1 robe of Oddeax {*Slow +Fly rPois} (You
                  | found it on level 6 of the Lair of Beasts)
 28812 | Lair:6   | Found a runed translucent gate.
 28821 | Lair:6   | Found a runed translucent gate.
 29819 | Lair:6   | Reached XP level 15. HP: 66/66 MP: 28/30
 29832 | Lair:6   | Learned a level 3 spell: Tukima's Dance
 29877 | Lair:6   | Lost mutation: Your system is resistant to poisons. (rPois)
                  | [potion of mutation]
 29877 | Lair:6   | Lost mutation: You are weak. (Str -2) [potion of mutation]
 29877 | Lair:6   | Lost mutation: Your spells are harder to cast, but more
                  | powerful. [potion of mutation]
 29877 | Lair:6   | Gained mutation: You are weak. (Str -2) [potion of
                  | mutation]
 29877 | Lair:6   | Gained mutation: Your flesh is heat resistant. (rF+)
                  | [potion of mutation]
 29877 | Lair:6   | Gained mutation: You expend magic power (3 MP) to
                  | strengthen your wands. [potion of mutation]
 29878 | Lair:6   | Lost mutation: You expend magic power (3 MP) to strengthen
                  | your wands. [potion of mutation]
 29878 | Lair:6   | Lost mutation: You are weak. (Str -2) [potion of mutation]
 29878 | Lair:6   | Lost mutation: Your flesh is heat resistant. (rF+) [potion
                  | of mutation]
 29878 | Lair:6   | Gained mutation: You are somewhat resistant to further
                  | mutation. [potion of mutation]
 30193 | Lair:6   | Got a warped leather armour
 30893 | Lair:6   | Found a staircase to the Slime Pits.
 30933 | Lair:6   | Noticed njkz1's ghost (journeyman DrFi)
 31002 | Lair:6   | Reached skill level 1 in Hexes
 31207 | Lair:5   | Killed njkz1's ghost
 31298 | Lair:6   | Got the ring "Foudyive" {Fire}
 31301 | Lair:6   | Identified the ring "Foudyive" {Fire Dex-5 Slay+5} (You
                  | found it on level 6 of the Lair of Beasts)
 31918 | D:12     | Noticed Frances
 31995 | D:12     | Killed Frances
 32228 | D:10     | Bought a scroll of acquirement for 780 gold pieces
 32511 | D:13     | You fall into a shaft and drop 1 floor!
 32789 | D:14     | Reached skill level 5 in Fire Magic
 33364 | D:13     | Found a gate to the Vaults.
 33417 | D:13     | Reached skill level 1 in Shields
 34680 | D:15     | Entered Level 15 of the Dungeon
 35319 | D:15     | Found a staircase to the Depths.
 35483 | D:15     | Reached XP level 16. HP: 70/70 MP: 32/32
 35854 | D:15     | Upgraded the game from 0.25-a0-610-gd0df705f03 to
                  | 0.25-a0-614-g73ad250637
 35873 | Abyss:1  | Noticed a hellephant
 36049 | Abyss:1  | Found a shimmering altar of Xom.
 36208 | Abyss:1  | Reached skill level 5 in Armour
 36250 | Abyss:1  | Noticed a bone dragon
 36326 | D:15     | Escaped the Abyss
 36541 | Spider:1 | Entered Level 1 of the Spider Nest
 37701 | Spider:2 | Reached skill level 5 in Conjurations
 37706 | Spider:2 | Reached skill level 5 in Hexes
 37795 | Spider:2 | Identified the +1 quarterstaff "Newtbane" {vorpal, Str+6
                  | Int+2} (You found it on level 2 of the Spider Nest)
 39041 | Spider:3 | Reached skill level 5 in Necromancy
 39389 | Spider:3 | Reached skill level 5 in Ice Magic
 39463 | Spider:3 | Reached skill level 16 in Dodging
 39464 | Spider:3 | Reached XP level 17. HP: 61/74 MP: 23/33
 40935 | Spider:4 | Entered Level 4 of the Spider Nest
 42456 | Spider:4 | Reached skill level 5 in Shields
 43019 | Spider:4 | Got a gossamer rune of Zot
 43662 | Vaults:1 | Entered Level 1 of the Vaults
 44561 | Vaults:1 | Found Aseypalo's Armour Shoppe.
 44739 | Vaults:1 | Reached skill level 10 in Long Blades
 45850 | Vaults:1 | Found a glowing golden altar of the Shining One.
 46812 | Vaults:2 | Reached XP level 18. HP: 78/78 MP: 31/35
 47232 | Vaults:2 | Noticed Mennas
 47880 | Vaults:2 | Found the +0 staff of Battle
 51014 | Vaults:3 | Found a staircase to the Crypt.
 52183 | D:10     | Bought a scroll of enchant weapon for 112 gold pieces
 52338 | Crypt:1  | Entered Level 1 of the Crypt
 53225 | D:10     | Bought a book of Cantrips for 300 gold pieces
 53227 | D:10     | Learned a level 1 spell: Apportation
 53412 | Abyss:1  | Found a stormy altar of Qazlal.
 53433 | Abyss:1  | Found a stormy altar of Qazlal.
 53655 | Abyss:1  | Found a corrupted altar of Lugonu.
 53752 | Abyss:1  | Reached skill level 1 in Translocations
 53843 | Abyss:1  | Noticed a bone dragon
 53852 | D:10     | Escaped the Abyss
 54214 | Elf:1    | Entered Level 1 of the Elven Halls
 54743 | Elf:1    | Reached XP level 19. HP: 81/81 MP: 22/37
 55888 | Elf:1    | You fall into a shaft and drop 1 floor!
 55992 | Elf:2    | Found a huge runed translucent gate.
 55992 | Elf:2    | Found a huge runed translucent gate.
 55992 | Elf:2    | Found a huge runed translucent gate.
 55993 | Elf:2    | Found a huge runed translucent gate.
 55994 | Elf:2    | Found a huge runed translucent gate.
 56042 | Elf:2    | Found Bepierph's Assorted Antiques.
 56060 | Elf:2    | Bought a leatherbound book for 495 gold pieces
 56506 | Elf:1    | Found Gist's Antique Weapon Emporium.
 56948 | Elf:1    | Identified the Volume of Combat Magic
 56961 | Elf:1    | Learned a level 5 spell: Lightning Bolt
 57324 | Lair:6   | Lost mutation: Your spells are a little harder to cast, but
                  | a little more powerful. [potion of mutation]
 57324 | Lair:6   | Lost mutation: You are somewhat resistant to further
                  | mutation. [potion of mutation]
 57324 | Lair:6   | Gained mutation: You are partially covered in icy blue
                  | scales. (AC +2) [potion of mutation]
 57324 | Lair:6   | Gained mutation: Your flesh is cold resistant. (rC+)
                  | [potion of mutation]
 57820 | Lair:6   | Escaped the Abyss
 59989 | Abyss:1  | Reached skill level 5 in Invocations
 60093 | Abyss:1  | Noticed a bone dragon
 60244 | Abyss:1  | Noticed a bone dragon
 60469 | Abyss:1  | Noticed a bone dragon
 60850 | Abyss:1  | Noticed a bone dragon
 60868 | Crypt:2  | Escaped the Abyss
 60970 | Crypt:2  | Reached skill level 17 in Dodging
 63028 | Elf:2    | Gained mutation: Your flesh is heat resistant. (rF+)
                  | [mutagenic glow]
 63280 | Elf:2    | Reached XP level 20. HP: 86/86 MP: 39/39
 63574 | Elf:3    | Entered Level 3 of the Elven Halls
 63589 | Elf:3    | Noticed Bai Suzhen
 64399 | Depths:1 | Entered Level 1 of the Depths
 64593 | Depths:1 | Found Mobrar's Changing Room.
 64613 | Depths:1 | Bought a potion of mutation for 152 gold pieces
 64613 | Depths:1 | Lost mutation: You tend to lose your temper in combat.
                  | [potion of mutation]
 64613 | Depths:1 | Lost mutation: Your flesh is cold resistant. (rC+) [potion
                  | of mutation]
 64613 | Depths:1 | Gained mutation: You possess an exceptional clarity of
                  | mind. [potion of mutation]
 64613 | Depths:1 | Gained mutation: You have a pair of small horns on your
                  | head. [potion of mutation]
 65015 | Depths:1 | Got a fine scimitar
 65061 | Depths:1 | Identified the +5 scimitar "Beetleslayer" {freeze, rElec
                  | Dex+2} (You found it on level 1 of the Depths)
 65239 | Depths:1 | Found a one-way gate leading to the halls of Pandemonium.
 65365 | Depths:1 | Found Teozxe's Jewellery Shop.
 65365 | Depths:1 | Found Wucs's Gadget Shoppe.
 65366 | Depths:1 | Found Viciux's Gadget Shoppe.
 66175 | Shoals:1 | Entered Level 1 of the Shoals
 66225 | Shoals:1 | Found Firuok's Antique Weapon Shoppe.
 66655 | Shoals:1 | Identified the Guide on the Displaced Escort
 67860 | Shoals:3 | Found Couboub's Armour Boutique.
 67971 | Shoals:3 | Noticed Polyphemus
 68060 | Shoals:2 | Killed Polyphemus
 68821 | Shoals:4 | Entered Level 4 of the Shoals
 68923 | Shoals:4 | Reached skill level 15 in Spellcasting
 69231 | Shoals:4 | Noticed Nikola
 69233 | Shoals:4 | Reached XP level 21. HP: 90/90 MP: 36/41
 69247 | Shoals:4 | Killed Nikola
 69805 | Depths:1 | Bought the amulet of the Spinneret {RegenMP rElec rPois
                  | rN+} for 1048 gold pieces
 70331 | Shoals:4 | Mangled by a snapping turtle

Levels and vault maps discovered:
D:1:      wander_arrival_fairy_ring, layout_basic
D:2:      minmay_chambers_of_ones, layout_basic, first_ration
D:3:      layout_loops_ring, old_standard_altar, minivault_4, st_stairs_4,
          minmay_three_crescents
D:4:      layout_loops_ring, kennysheep_mini_moat
D:5:      layout_basic, uniq_ijyb
D:6:      layout_loops_ring, lemuel_doored_altar, lemuel_tele_altar
D:7:      layout_cave_pools, kennysheep_little_box,
          lemuel_mausoleum_altar_yredelemnul, vehumet_altar_wand_db,
          overflow_temple_1_default, minmay_temple_entry_statues
D:8:      layout_loops_cross, grunt_gozag_statues, lemuel_round_altar,
          lair_entry_dummy, hangedman_pestilent_swarm, uniq_maurice,
          uniq_maggie, uniq_gastronok
D:9:      layout_roguey, old_standard_altar, slow_altar_1,
          nicolae_ashenzari_panopticon, nicolae_overflow_crystal_walls
D:10:     layout_basic, serial_shops, shop, shop_statue,
          nicolae_shop_waterfront, nicolae_shop_behind_doors, tso_metal_star
D:11:     layout_cave_pools, minmay_orc_entry_temple_small, minivault_11,
          uniq_erolcha, uniq_fannar, uniq_snorg, uniq_nergalle
D:12:     layout_gridville, uniq_frances
D:13:     layout_gridville, lightli_vaults_fourway_checkpoint
D:14:     layout_gridville, minmay_misc_feat_more_columns,
          minmay_tree_intersection
D:15:     hangedman_depths_entry_try_elsewhere_first, layout_irregular_city,
          minmay_misc_feat_diagonals, palyth_stone_intersect, minivault_7
Lair:1:   layout_hall_layers, basic_altar, serial_bayou_shore_a,
          grunt_megastairs_5, serial_bayou_shore_b, uniq_urug
Lair:2:   layout_hall_layers, nicolae_spider_entry_orb_guardian,
          gauntlet_entry_generic, serial_bayou_shore_b, lemuel_fruit_tree,
          grunt_megastairs_2
Lair:3:   layout_chaotic_city, elwin_shoals_entry_rooms
Lair:4:   layout_cave_pods, serial_forest, infiniplex_forest_clump_curved,
          infiniplex_forest_fountain, infiniplex_forest_clump_small,
          infiniplex_forest_end_2, infiniplex_forest_pool,
          infiniplex_forest_split, infiniplex_forest_corner_2,
          infiniplex_forest_clump_double
Lair:5:   layout_regular_city, enter_volcano_3, st_stairs_10
Lair:6:   evil_forest, layout_regular_city, minmay_slime_entry_oklob_open,
          gammafunk_ghost_icy, chequers_serial_rivers_room_b, ice2_lemuel
Shoals:1: layout_shoals, serial_shops,
          nicolae_shop_temple_entry_statues_fountains
Shoals:2: argonaut_golden_fleece, layout_shoals
Shoals:3: layout_shoals, serial_shops, shop, abandoned_shop, uniq_polyphemus
Shoals:4: shoals_end_grunt_garden, layout_shoals, uniq_nikola
Spider:1: layout_spider_delve, drop_trap
Spider:2: layout_spider_delve
Spider:3: layout_spider_delve, hangedman_spider_tarantella_strand
Spider:4: guppyfry_spider_rune
Orc:1:    nicolae_orc_accident_3, layout_diamond_mine
Orc:2:    st_orc_mages, layout_caves, hangedman_minor_magic
Elf:1:    layout_loops_cross, serial_shops, shop_statue, minivault_28,
          nrook_loot_triangle, grunt_ministairs_6, minmay_elf_annihilation
Elf:2:    layout_geoelf_octagon, serial_shops, nicolae_shop_crystal
Elf:3:    minmay_elf_hall, layout_loops_cross, chequers_hall_statues_corner_a,
          nicolae_elf_w_pinch, laboratory, uniq_bai_suzhen
Vaults:1: nicolae_vaults_little_squares_1, hangedman_vaults_variations,
          v_misc_12, dpeg_vaults_monster_box, vaults_room_boxed,
          hangedman_vaults_cutoff, v_misc_17, vaults_room_door_hall,
          ontoclasm_vaults_gallery, vaults_room_grid, nicolae_vaults_theta,
          layout_vaults_big_cross, basic_altar, serial_shops, shop
Vaults:2: nicolae_vaults_sealed_display, v_misc_9, ontoclasm_vaults_pinch,
          ontoclasm_vaults_gateway, vaults_room_ringed_pool, v_misc_13,
          nicolae_vaults_what_the_h, grunt_vaults_funnel,
          nicolae_vaults_little_squares_3, vaults_room_corners,
          vaults_room_semicircle, layout_vaults_quadrants, uniq_mennas
Vaults:3: v_misc_23, vaults_mumra_hex, nicolae_vaults_little_squares_4,
          nicolae_vaults_diagonal_hallway_9, minmay_crypt_entry_simple_sparse,
          hangedman_vaults_trim, hangedman_vaults_snaps, v_misc_13,
          nicolae_vaults_little_squares_5, serial_ice_g, v_rooms_3,
          nicolae_vaults_network_s, layout_vaults_maze, serial_shops,
          nicolae_shop_statue_plus
Crypt:1:  layout_misc_corridors, columned_hall_lemuel, lemuel_nasty_fountain
Crypt:2:  layout_catacombs
Depths:1: layout_gridlike, hell_entry, rand_demon_pan_entry_3,
          corexii_leaking_fountain, nicolae_transmutations_shop,
          minmay_misc_feat_five, minivault_16, kennysheep_dice,
          minmay_shop_grove

Skill      XL: |  1  2  3  4  5  6  7  8  9 10 11 12 13 14 15 16 17 18 19 20 21 |
---------------+----------------------------------------------------------------+-----
Stealth        | 2 3 4 5 7 8 |  8.0
Spellcasting   | 1 2 3 4 5 6 7 8 9 10 11 12 13 14 15 | 15.3
Short Blades   | 2 3 4 5 6 7 9 11 12 | 12.8
Throwing       | 1 2 3 5 7 8 |  8.3
Dodging        | 4 5 7 8 11 13 14 15 16 17 | 17.6
Fighting       | 1 2 |  2.2
Long Blades    | 1 2 3 4 6 8 9 10 11 12 13 | 13.7
Invocations    | 2 4 5 |  5.0
Evocations     | 5 6 8 9 |  9.6
Poison Magic   | 3 4 6 7 |  7.4
Air Magic      | 3 4 5 6 7 8 9 |  9.3
Conjurations   | 1 3 4 5 6 7 8 |  8.4
Fire Magic     | 2 3 4 5 6 7 8 |  8.0
Armour         | 2 3 4 5 6 |  6.4
Ice Magic      | 2 3 4 5 6 8 9 |  9.1
Necromancy     | 2 3 5 |  5.6
Hexes          | 3 5 6 |  6.3
Shields        | 1 4 5 6 7 |  7.4
Translocations | 1 2 |  2.4

Action                   |  1- 3 |  4- 6 |  7- 9 | 10-12 | 13-15 | 16-18 | 19-21 || total
-------------------------+-------+-------+-------+-------+-------+-------+-------++-------
Melee: Short sword       |    13 |       |       |   585 |   784 |  1085 |   672 ||  3139
       Dagger            |    60 |    75 |   287 |   108 |    16 |       |       ||   546
       Long sword        |       |       |       |    70 |    74 |   289 |   257 ||   690
       Demon blade       |       |       |       |       |   624 |   533 |   649 ||  1806
       Quick blade       |       |       |       |       |   110 |    30 |    36 ||   176
       Peck              |       |       |       |       |   237 |   449 |   345 ||  1031
       Spear             |       |       |       |       |     8 |     6 |     2 ||    16
       Headbutt          |       |       |       |       |       |       |   196 ||   196
       Scimitar          |       |       |       |       |       |       |    14 ||    14
Throw: Dart              |    29 |    58 |   134 |   173 |    44 |    45 |    34 ||   517
       Boomerang         |       |       |       |     4 |    53 |    27 |    36 ||   120
 Cast: Poisonous Vapours |       |       |       |    37 |    51 |    50 |    67 ||   205
       Mephitic Cloud    |       |       |       |    20 |    68 |    61 |    69 ||   218
       Conjure Flame     |       |       |       |       |    37 |     4 |    22 ||    63
       Sticky Flame      |       |       |       |       |    54 |    93 |   134 ||   281
       Fireball          |       |       |       |       |     9 |     2 |     9 ||    20
       Lightning Bolt    |       |       |       |       |       |       |    10 ||    10
       Apportation       |       |       |       |       |       |       |     3 ||     3
       Olgreb's Toxic Ra |       |       |       |       |       |       |     1 ||     1
Invok: Depart the Abyss  |       |       |       |     1 |       |     2 |       ||     3
       Bend Space        |       |       |       |     7 |    11 |     5 |    11 ||    34
       Brand Weapon With |       |       |       |       |     1 |       |       ||     1
       Enter the Abyss   |       |       |       |       |       |     2 |     2 ||     4
       Banish            |       |       |       |       |       |     1 |       ||     1
 Abil: Evoke Invisibilit |       |       |       |       |     1 |       |     5 ||     6
Evoke: Wand              |       |       |     2 |    21 |     1 |     1 |       ||    25
       Lightning rod     |       |       |       |       |       |       |     1 ||     1
  Use: Scroll            |       |       |     6 |    19 |    21 |    11 |    14 ||    71
       Potion            |       |       |     3 |     1 |    11 |     4 |    18 ||    37
 Stab: Sleeping          |     9 |    16 |    24 |    18 |    38 |    28 |    17 ||   150
       Distracted        |     1 |     1 |     3 |     5 |     4 |     5 |    12 ||    31
       Confused          |       |       |       |    16 |    52 |    57 |    48 ||   173
       Invisible         |       |       |       |       |     3 |       |     9 ||    12
       Petrifying        |       |       |       |       |       |       |     4 ||     4
  Eat: Ration            |       |       |     2 |     5 |    16 |    15 |    12 ||    50
Armor: Robe              |     1 |     4 |    18 |    13 |    19 |       |       ||    55
       Troll leather arm |       |       |       |    25 |   158 |   235 |   175 ||   593
Dodge: Dodged            |    43 |    38 |   187 |   616 |  1721 |  1637 |  1084 ||  5326
       Deflected         |       |       |       |       |       |     4 |     1 ||     5
Block: Buckler           |       |       |       |       |   144 |   930 |   628 ||  1702
       Rpst.: Long sword |       |       |       |    26 |    17 |    22 |    38 ||   103
       Demon blade       |       |       |       |       |   212 |    99 |    92 ||   403
       Scimitar          |       |       |       |       |       |       |     3 ||     3

Table legend:
 A = Non-vault XP
 B = Vault XP
 C = Vault XP percentage of total XP
 D = Non-vault monster count
 E = Vault monster count
 F = Vault count percentage of total count
                 A         B        C        D         E       F
            +---------+---------+-------+---------+---------+-------
      Total |  388011 |  215397 |  35.7 |    1230 |     447 |  26.7
            +---------+---------+-------+---------+---------+-------
        D:1 |      22 |       0 |   0.0 |      13 |       0 |   0.0
        D:2 |     203 |      12 |   5.6 |      30 |       6 |  16.7
        D:3 |     180 |      23 |  11.3 |      18 |       6 |  25.0
        D:4 |     384 |       0 |   0.0 |      17 |       0 |   0.0
        D:5 |     719 |      36 |   4.8 |      22 |       1 |   4.3
        D:6 |     676 |       0 |   0.0 |      12 |       0 |   0.0
        D:7 |    1542 |     937 |  37.8 |      30 |      13 |  30.2
        D:8 |    1059 |    3869 |  78.5 |      27 |       7 |  20.6
        D:9 |    3151 |       5 |   0.2 |      20 |       1 |   4.8
       D:10 |    5703 |    1152 |  16.8 |      46 |       1 |   2.1
       D:11 |    4810 |    3266 |  40.4 |      40 |      13 |  24.5
       D:12 |    7568 |    2201 |  22.5 |      45 |       1 |   2.2
       D:13 |    4604 |    8418 |  64.6 |      15 |      14 |  48.3
       D:14 |   10365 |       0 |   0.0 |      28 |       0 |   0.0
       D:15 |   10415 |    5046 |  32.6 |      31 |      22 |  41.5
     Lair:1 |    2193 |     197 |   8.2 |      10 |       1 |   9.1
     Lair:2 |    3658 |    1804 |  33.0 |      13 |       3 |  18.8
     Lair:3 |    2581 |     916 |  26.2 |      10 |       3 |  23.1
     Lair:4 |    5634 |       0 |   0.0 |      17 |       0 |   0.0
     Lair:5 |    4403 |    3238 |  42.4 |      18 |       7 |  28.0
     Lair:6 |   14331 |   17131 |  54.4 |      41 |      47 |  53.4
   Shoals:1 |   15595 |       0 |   0.0 |      32 |       0 |   0.0
   Shoals:2 |   16549 |    5850 |  26.1 |      32 |       5 |  13.5
   Shoals:3 |   13160 |       0 |   0.0 |      30 |       0 |   0.0
   Shoals:4 |    9376 |   21418 |  69.6 |      22 |      26 |  54.2
   Spider:1 |   12472 |       0 |   0.0 |      41 |       0 |   0.0
   Spider:2 |   23954 |       0 |   0.0 |      71 |       0 |   0.0
   Spider:3 |   23026 |     792 |   3.3 |      58 |       2 |   3.3
   Spider:4 |   13614 |   21501 |  61.2 |      40 |      41 |  50.6
      Orc:1 |   11380 |    3107 |  21.4 |      85 |      36 |  29.8
      Orc:2 |    1218 |    3239 |  72.7 |      11 |      24 |  68.6
      Elf:1 |   13082 |   14787 |  53.1 |      24 |      25 |  51.0
      Elf:2 |   10086 |   24823 |  71.1 |      21 |      30 |  58.8
      Elf:3 |    3606 |    5837 |  61.8 |       5 |       3 |  37.5
   Vaults:1 |   16254 |    9953 |  38.0 |      28 |      16 |  36.4
   Vaults:2 |   23786 |   24566 |  50.8 |      43 |      41 |  48.8
   Vaults:3 |   15476 |   14823 |  48.9 |      31 |      29 |  48.3
    Crypt:1 |   14934 |       0 |   0.0 |      26 |       0 |   0.0
    Crypt:2 |    9857 |       0 |   0.0 |      12 |       0 |   0.0
   Depths:1 |   28186 |    5461 |  16.2 |      39 |       8 |  17.0
    Abyss:1 |   28199 |       0 |   0.0 |      76 |       0 |   0.0
    Abyss:3 |       0 |     904 | 100.0 |       0 |       1 | 100.0
    Volcano |       0 |    6292 | 100.0 |       0 |       7 | 100.0
   Gauntlet |       0 |    3793 | 100.0 |       0 |       7 | 100.0
            +---------+---------+-------+---------+---------+-------
